 Dungeon Crawl Stone Soup version 0.24-a0-530-g18ba70b503 (webtiles) character file.

Game seed: 7325412042263556431

44 Norm the Insei (level 3, 0/24 HPs)
             Began as an Octopode Transmuter on Aug 8, 2019.
             Slain by an adder (3 damage)
             ... on level 2 of the Dungeon.
             The game lasted 00:04:36 (1250 turns).

Norm the Insei (Octopode Transmuter)                Turns: 1250, Time: 00:04:37

Health: 0/24       AC:  1    Str:  9    XL:     3   Next: 62%
Magic:  6/6        EV: 13    Int: 16    God:
Gold:   100        SH:  0    Dex: 12    Spells: 3/6 levels left

rFire    . . .     SeeInvis .     - Unarmed
rCold    . . .     Gourm    .   (no shield)
rNeg     . . .     Faith    .   (helmet restricted)
rPois    .         Spirit   .   (no amulet)
rElec    .         Reflect  .   (no ring)
rCorr    .         Harm     .   (no ring)
MR       .....                  (no ring)
Stlth    ++........             (no ring)
HPRegen  0.08/turn              (no ring)
MPRegen  0.10/turn              (no ring)
                                (no ring)
                                (no ring)

@: no status effects
A: almost no armour, stealthy swim, amphibious, 8 rings, constrict 8, camouflage
1, gelatinous body 1
a: no special abilities


You were on level 2 of the Dungeon.
You were not hungry.

You visited 1 branch of the dungeon, and saw 2 of its levels.

You collected 100 gold pieces.

Inventory:

Hand Weapons
 p - a +0 hunting sling
Missiles
 a - 12 arrows
 k - 6 poisoned darts (quivered)
Jewellery
 i - an uncursed ring of protection from fire {unknown}
Scrolls
 e - a scroll of blinking {unknown}
 f - a scroll of fog {unknown}
 g - a scroll of random uselessness {unknown}
 h - 2 scrolls of teleportation {unknown}
 l - a scroll of fear {unknown}
 m - a scroll of noise {unknown}
 n - a scroll of enchant armour {unknown}
 o - 2 scrolls of identify {unknown}
Potions
 b - 3 potions of curing {unknown}
 d - a potion of might {unknown}
 j - a potion of mutation {unknown}
Comestibles
 c - 3 rations
 r - 6 chunks of flesh


   Skills:
 + Level 1.8 Fighting
 - Level 2.0 Dodging
 * Level 3.8 Unarmed Combat
 - Level 2.0 Spellcasting
 + Level 2.5 Transmutations


You had 3 spell levels left.
You knew the following spells:

 Your Spells              Type           Power        Failure   Level  Hunger
a - Beastly Appendage     Tmut           #.....       8%          1    #......
b - Sticks to Snakes      Tmut           #.......     11%         2    ###....

Your spell library contained the following spells:

 Spells                   Type           Power        Failure   Level  Hunger
 Spider Form              Tmut/Pois      #.........   36%         3    ###....
 Ice Form                 Ice/Tmut       #.......     77%         4    #####..
 Blade Hands              Tmut           #.........   90%         5    ######.


Dungeon Overview and Level Annotations

Branches:
Dungeon (2/15)

Altars:
Elyvilon

Annotations:
D:2 Terence


Innate Abilities, Weirdness & Mutations

You cannot wear most types of armour.
You are very stealthy in the water. (Stealth+)
You are amphibious.
You can wear up to eight rings at the same time.
You can use your tentacles to constrict eight enemies at once.
Your skin changes colour to match your surroundings (Stealth+).
Your rubbery body absorbs attacks. (AC +1, EV +1)


Message History

Found 23 stones, a grey potion and 17 gold pieces.
Found a stone staircase leading up.
There is a stone staircase leading up here.
The orc wizard shouts!
The orc shouts! x2; You hear a shout!
The orc shouts!
You climb upwards.
Your tentacle spike disappears.
There is a stone staircase leading down here.
There is a stone staircase leading down here.
You climb downwards.
Level annotation: Terence The orc hits you with a +0 hand axe of flaming.
The orc burns you. The rat closely misses you.
There is a stone staircase leading up here.
The worm bites you. The rat closely misses you.
The orc hits you with a +0 hand axe of flaming!
* * * LOW HITPOINT WARNING * * *
The orc burns you.
* * * LOW HITPOINT WARNING * * *
The orc wizard completely misses you. The adder bites you.
You die...

########
##......##
##$.......##
#..........#
#..........#
#....olw...#
#.....oS@..#
##.(...@oro.#
##.....r..o.##
##
.......<.....#
.#.
.##..........#
..
#..........#
.#
#..........#
#.#
#..........#
..#
##........##


You could see Terence, a worm, 2 orc wizards, an adder, 3 orcs, a frilled lizard
(wandering) and 2 rats.

Vanquished Creatures
  An adder (D:2)
  A dart slug (D:1)
  A leopard gecko (D:1)
  3 orcs
  2 giant cockroaches (D:1)
  3 goblins
  6 hobgoblins
  2 kobolds (D:1)
  3 bats (D:1)
  A frilled lizard (D:1)
  5 rats (D:1)
28 creatures vanquished.

Vanquished Creatures (others)
  A bat (D:2)
1 creature vanquished.

Grand Total: 29 creatures vanquished

Notes
Turn   | Place    | Note
-------+----------+-------------------------------------------
     0 | D:1      | Norm the Octopode Transmuter began the quest for the Orb.
     0 | D:1      | Reached XP level 1. HP: 13/13 MP: 3/3
   192 | D:1      | Reached XP level 2. HP: 18/18 MP: 3/5
   199 | D:1      | Learned a level 2 spell: Sticks to Snakes
   591 | D:1      | Reached XP level 3. HP: 23/23 MP: 6/6
   962 | D:2      | Found a white marble altar of Elyvilon.
  1240 | D:2      | Noticed Terence
  1250 | D:2      | Slain by an adder

Levels and vault maps discovered:
D:1:      dpeg_arrival_solitude, layout_loops_ring, minmay_tromino_i2
D:2:      layout_rooms, elyvilon_altar_4, first_ration, uniq_terence

Action                   || total
-------------------------++-------
Melee: Unarmed           ||    55
       Constrict         ||    15
       Kick              ||     7
       Tentacles         ||     6
       Punch             ||     2
 Fire: Hunting sling     ||    13
Throw: Dart              ||     1
 Cast: Beastly Appendage ||    13
 Stab: Sleeping          ||     2
  Eat: Chunk             ||     1
Armor: Skin              ||     4
Dodge: Dodged            ||    44

Table legend:
 A = Non-vault XP
 B = Vault XP
 C = Vault XP percentage of total XP
 D = Non-vault monster count
 E = Vault monster count
 F = Vault count percentage of total count
                 A         B        C        D         E       F
            +---------+---------+-------+---------+---------+-------
      Total |      63 |       1 |   1.6 |      27 |       1 |   3.6
            +---------+---------+-------+---------+---------+-------
        D:1 |      38 |       1 |   2.6 |      21 |       1 |   4.5
        D:2 |      25 |       0 |   0.0 |       6 |       0 |   0.0
            +---------+---------+-------+---------+---------+-------
